 Dungeon Crawl Stone Soup version 0.20.1-1-g8b1a95d (webtiles) character file.

917 letownia2 the Reanimator (level 7, -4/55 HPs)
             Began as a Deep Dwarf Necromancer on Nov 25, 2017.
             Slain by a wight
             ... wielding a cursed +4 great sword of freezing
              (14 damage)
             ... on level 6 of the Dungeon.
             The game lasted 00:13:25 (4424 turns).

letownia2 the Reanimator (Deep Dwarf Necromancer)   Turns: 4424, Time: 00:13:26

Health: -4/55      AC:  5    Str: 12    XL:     7   Next: 83%
Magic:  14/14      EV: 11    Int: 17    God:
Gold:   164        SH:  0    Dex: 13    Spells: 11/15 levels left

rFire    . . .     SeeInvis .   a - +2 flail (drain)
rCold    . . .     Gourm    +   (no shield)
rNeg     . . .     Faith    .   r - +0 ring mail
rPois    .         Spirit   .   (no helmet)
rElec    .         Reflect  .   (no cloak)
rCorr    .         Harm     .   (no gloves)
MR       +....                  (no boots)
Stlth    +.........             o - amulet of the gourmand
Regen    0.0/turn               (no ring)
MPRegen  0.2/turn               (no ring)

@: non-regenerating, drained
A: damage resistance, heal wounds, sense surroundings 1, no regeneration
a: Heal Wounds


You were on level 6 of the Dungeon.
You were full.

You visited 1 branch of the dungeon, and saw 6 of its levels.

You collected 164 gold pieces.

Inventory:

Hand Weapons
 a - a +2 flail of draining (weapon)
 e - a +2 dagger of draining
 m - a +0 dagger
 q - a +0 fustibalus
 y - a +0 mace
 z - a +0 arbalest
Armour
 j - a +0 scale mail
 r - a +0 ring mail (worn)
Jewellery
 o - an amulet of the gourmand (around neck)
 t - an uncursed amulet of regeneration {unknown}
Wands
 x - a wand of disintegration (8/24)
Scrolls
 i - 2 scrolls of amnesia
 n - 8 scrolls of identify
 s - a scroll of fear {unknown}
 u - a scroll of random uselessness {unknown}
Potions
 h - a potion of cancellation {unknown}
 k - a potion of ambrosia
 l - a potion of heal wounds {unknown}
 p - 2 potions of invisibility {unknown}
 v - 2 potions of curing {unknown}
 w - a potion of flight {unknown}
Books
 b - a book of Necromancy

   Spells                             Type                      Level
   a - Pain                           Necromancy                   1
   b - Animate Skeleton               Necromancy                   1
   c - Vampiric Draining              Necromancy                   3
   d - Regeneration                   Charms/Necromancy            3
   e - Animate Dead                   Necromancy                   4
   f - Control Undead                 Necromancy                   4
 f - a book of Cantrips

   Spells                             Type                      Level
   a - Confusing Touch                Hexes                        1
   b - Animate Skeleton               Necromancy                   1
   c - Summon Small Mammal            Summoning                    1
   d - Apportation                    Translocation                1
Comestibles
 c - 3 bread rations
 d - 2 royal jellies
 g - 3 meat rations


   Skills:
 + Level 0.0 Fighting
 - Level 2.9(2.5) Armour
 - Level 2.1(1.7) Dodging
 - Level 2.4(2.0) Stealth
 - Level 4.6(4.2) Spellcasting
 - Level 8.5(8.0) Necromancy
 + Level 0.0 Evocations


You had 11 spell levels left.
You knew the following spells:

 Your Spells              Type           Power        Failure   Level  Hunger
a - Pain                  Necr           ####         1%          1    None
v - Vampiric Draining     Necr           ####......   3%          3    ###....


Dungeon Overview and Level Annotations

Branches:
Dungeon (6/15)
 Temple: D:4-7

Altars:
Dithmenos

Shops:
D:6 [

Annotations:
D:4 Grinder
D:5 Dowan, Duvessa
D:6 Pikel


Innate Abilities, Weirdness & Mutations

You are resistant to damage.
You can heal yourself by infusing magical energy.
You passively map a small area around you.
You do not regenerate.


Message History

A wight comes into view. It is wielding a battleaxe.
Found 14 stones.
Evoke which item? (* to show all) (? for menu, Esc to quit)
Okay, then.
As you read the scroll of identify, it crumbles to dust.
x - a wand of disintegration (8/24)
You hit the wight.
The wight is moderately damaged.
The wight hits you with a great sword of freezing!!
* * * LOW HITPOINT WARNING * * *
You feel drained.
* * * LOW HITPOINT WARNING * * *
The wight freezes you.
You barely miss the wight.
The wight is moderately damaged.
The wight hits you but does no damage.
You hit the wight.
The wight is heavily damaged.
The wight hits you with a great sword of freezing!
You die...

#....# ####### #....#
###### #.....# #....#
#.....
#.....####....#
#.....
#.............#
#.....
####..........#
#.....
#..........###.....
##>........'.'.....
####@#.##....###.....
#...z#.####### ######
#.#..#.##############
#.#..#.#...##.......#
#.#....+.............
#.#..#<#...##.......#
#.#..#.#...##.......#
#.#..#.#.......####..
* ..#....'.......#
#..


You could see a wight.

Vanquished Creatures
  A sky beast (D:5)
  2 ogres
  A bullfrog (D:6)
  A scorpion (D:4)
  A jelly (D:6)
  A howler monkey (D:6)
  A crimson imp (D:6)
  A centaur zombie (D:5)
  A hound (D:4)
  An orc priest (D:4)
  An orc wizard (D:4)
  An iguana (D:4)
  Terence (D:3)
  Natasha (thrice) (D:3)
  3 worker ants (D:4)
  3 adders (D:4)
  2 gnolls (D:5)
  A howler monkey skeleton (D:4)
  2 worms
  2 leopard geckos
  8 orcs
  4 giant cockroaches
  5 goblins
  A hobgoblin (D:2)
  4 jackals
  2 kobolds
  A quokka (D:3)
  A ball python skeleton (D:5)
  2 bats (D:3)
  2 frilled lizards
  2 jackal skeletons
  A jackal zombie (D:5)
  A leopard gecko skeleton (D:4)
  2 rats
66 creatures vanquished.

Notes
Turn   | Place    | Note
-------+----------+-------------------------------------------
     0 | D:1      | letownia2 the Deep Dwarf Necromancer began the quest for the Orb.
     0 | D:1      | Reached XP level 1. HP: 15/15 MP: 3/3
   341 | D:3      | Reached XP level 2. HP: 22/22 MP: 1/5
   381 | D:3      | Noticed Natasha
   404 | D:3      | Killed Natasha
   404 | D:3      | Reached XP level 3. HP: 17/28 MP: 0/6
   425 | D:3      | Noticed Natasha
   431 | D:2      | Learned a level 3 spell: Vampiric Draining
   467 | D:3      | Killed Natasha
   467 | D:3      | Reached skill level 5 in Necromancy
   563 | D:3      | Noticed Natasha
   607 | D:3      | Killed Natasha
   607 | D:3      | Reached XP level 4. HP: 26/36 MP: 3/8
   697 | D:4      | Noticed Grinder
   716 | D:3      | Noticed Terence
   721 | D:3      | Killed Terence
  1161 | D:4      | Reached skill level 6 in Necromancy
  1161 | D:4      | Reached XP level 5. HP: 39/42 MP: 0/9
  1428 | D:4      | Reached skill level 1 in Armour
  1726 | D:4      | Reached XP level 6. HP: 37/49 MP: 10/10
  2006 | D:4      | Paralysed by Grinder for 4 turns
  2044 | D:4      | Paralysed by Grinder for 5 turns
  2246 | D:4      | Reached skill level 7 in Necromancy
  2473 | D:4      | Paralysed by Grinder for 6 turns
  2484 | D:4      | Paralysed by Grinder for 3 turns
  2500 | D:4      | HP: 1/49 [Grinder/nerve-wracking pain (6)]
  2503 | D:5      | Entered Level 5 of the Dungeon
  2530 | D:5      | Noticed Dowan
  2531 | D:5      | Noticed Duvessa
  2619 | D:5      | Noticed a sky beast
  3177 | D:4      | Paralysed by Grinder for 3 turns
  3397 | D:5      | Killed a sky beast
  3397 | D:5      | Reached XP level 7. HP: 24/55 MP: 1/12
  3997 | D:6      | Reached skill level 8 in Necromancy
  4064 | D:6      | Found a shadowy altar of Dithmenos.
  4289 | D:6      | Noticed Pikel
  4354 | D:6      | Found Topnias's Antique Armour Shoppe.
  4424 | D:6      | Slain by a wight

Skill      XL: |  1  2  3  4  5  6  7 |
---------------+----------------------+-----
Spellcasting   | 2 3 4 |  4.6
Necromancy     | 5 6 7 8 |  8.5
Armour         | 2 |  2.9
Dodging        | |  2.1
Stealth        | |  2.4

Action                   |  1- 3 |  4- 6 |  7- 9 || total
-------------------------+-------+-------+-------++-------
Melee: Unarmed           |     1 |       |       ||     1
       War axe           |       |    34 |       ||    34
       Mace              |       |    13 |     5 ||    18
       Flail             |       |       |    19 ||    19
 Cast: Pain              |    34 |    57 |     4 ||    95
       Vampiric Draining |     2 |    34 |    23 ||    59
  Use: Scroll            |       |     3 |     1 ||     4
 Stab: Sleeping          |       |     2 |       ||     2
  Eat: Chunk             |       |    17 |     8 ||    25
Armor: Robe              |     2 |     9 |       ||    11
       Ring mail         |       |    10 |    12 ||    22
Dodge: Dodged            |     7 |    69 |    26 ||   102
